 Dungeon Crawl Stone Soup version 0.18-a0-1677-g2bdad6c (webtiles) character file.

471 dohliylev the Chopper (level 7, -4/61 HPs)
             Began as a Hill Orc Berserker on Apr 2, 2016.
             Was a Believer of Trog.
             Slain by an iguana (10 damage)
             ... on level 4 of the Dungeon.
             The game lasted 00:09:45 (2585 turns).

dohliylev the Chopper (Hill Orc Berserker)          Turns: 2585, Time: 00:09:46

Health: -4/61      AC:  2    Str: 22    XL:     7   Next: 9%
Magic:  7/7        EV: 13    Int:  7    God:    Trog [**....]
Gold:   155        SH:  0    Dex: 10    Spells: 0 memorised, 6 levels left

rFire  . . .     SeeInvis .     a - +0 hand axe
rCold  . . .     Gourm    .     b - +0 animal skin
rNeg   . . .     Faith    .     (no shield)
rPois  .         Spirit   .     (no helmet)
rElec  .         Dismiss  .     (no cloak)
rCorr  .         Reflect  .     (no gloves)
SustAt .         Harm     .     (no boots)
MR     .....                    (no amulet)
Stlth  +.........               (no ring)
                                (no ring)

@: lethally poisoned (-4 -> -6), exhausted, not resistant to hostile
enchantments, very unstealthy
A: no striking features
a: Berserk, Trog's Hand, Burn Spellbooks, Renounce Religion


You were on level 4 of the Dungeon.
You worshipped Trog.
Trog was pleased with you.
You were near starving.

You visited 1 branch of the dungeon, and saw 4 of its levels.

You collected 155 gold pieces.

Inventory:

Hand Weapons
 a - a +0 hand axe (weapon)
Armour
 b - a +0 animal skin (worn)
 o - a +0 shield
 w - a +0 plate armour
 x - a +0 shield
Jewellery
 q - an uncursed amulet of magic regeneration {unknown}
Wands
 z - a wand of random effects (27/48)
Scrolls
 e - 2 scrolls of fear {unknown}
 f - 2 scrolls of enchant weapon {unknown}
 g - 4 scrolls of teleportation {unknown}
 i - a scroll of random uselessness {unknown}
 k - 3 scrolls of identify {unknown}
 t - a scroll of recharging {unknown}
 u - a scroll of blinking {unknown}
 y - a scroll of enchant armour {unknown}
Potions
 d - 2 potions of lignification {unknown}
 j - 2 potions of flight {unknown}
 l - a potion of cure mutation {unknown}
 m - 4 potions of ambrosia {unknown}
 n - 2 potions of curing {unknown}
 p - 4 potions of heal wounds {unknown}
 r - 2 potions of mutation {unknown}
 v - a potion of berserk rage {unknown}
Comestibles
 c - 5 bread rations
 h - 3 meat rations
 s - a slice of pizza


   Skills:
 + Level 5.2 Fighting
 + Level 6.8 Axes
 + Level 2.4 Armour
 + Level 4.0 Dodging
 + Level 1.0 Stealth


You had 6 spell levels left.
You didn't know any spells.

Dungeon Overview and Level Annotations

Branches:
Dungeon (4/15)
 Temple: D:4-7

Altars:
Okawaru


Message History

You hit the adder.
The adder is severely wounded.
You barely miss the iguana.
You feel sick. The iguana bites you!
* * * LOW HITPOINT WARNING * * *
The adder barely misses you.
You hit the adder.
You kill the adder!
Trog accepts your kill.
You hit the iguana.
The iguana is lightly wounded.
The iguana bites you.
* * * LOW HITPOINT WARNING * * *
You closely miss the iguana.
The iguana is lightly wounded.
The iguana bites you!
* * * LOW HITPOINT WARNING * * *
You slash the iguana!
The iguana is severely wounded.
You feel sick. The iguana bites you!
You die...

...# #... #..#
####..# # #......#.
....##.# # #†l##.#
##.#.@##.#.#
#.....##.#.#
#.#.#.....#.#
.......#..#..
#..#.#.##..#.#
#.#...# #..#.# .# #
##.####..#.####.##.#
#.
...#.............#
#.# ##.## ..
........#.###.# ...


You could see an iguana.

Vanquished Creatures
  Sigmund (D:4)
  A scorpion (D:4)
  A hound (D:4)
  A worker ant (D:4)
  Natasha (thrice) (D:2 D:4)
  3 adders
  4 gnolls (D:4)
  2 oozes
  3 worms
  3 dart slugs
  2 giant geckos
  4 giant cockroaches
  9 hobgoblins
  2 jackals (D:3)
  2 quokkas (D:3)
  3 bats
  4 giant newts (D:3)
  9 goblins
  7 kobolds
  2 rats
66 creatures vanquished.

Notes
Turn   | Place    | Note
--------------------------------------------------------------
     0 | D:1      | dohliylev the Hill Orc Berserker began the quest for the Orb.
     0 | D:1      | Reached XP level 1. HP: 19/19 MP: 1/1
   105 | D:1      | Reached XP level 2. HP: 23/27 MP: 2/2
   610 | D:2      | Reached XP level 3. HP: 30/33 MP: 3/3
   658 | D:2      | Reached ** piety under Trog
   809 | D:2      | Noticed Natasha
   817 | D:2      | Killed Natasha
   817 | D:2      | Reached skill level 5 in Axes
   817 | D:2      | Reached XP level 4. HP: 40/40 MP: 4/4
   978 | D:2      | Noticed Natasha
   993 | D:2      | Killed Natasha
  1105 | D:2      | Found an iron altar of Okawaru.
  1481 | D:3      | Reached XP level 5. HP: 40/47 MP: 5/5
  2006 | D:4      | Noticed Natasha
  2012 | D:4      | Killed Natasha
  2012 | D:4      | Reached XP level 6. HP: 29/53 MP: 6/6
  2227 | D:4      | Reached skill level 6 in Axes
  2275 | D:4      | Noticed Sigmund
  2552 | D:4      | Killed Sigmund
  2552 | D:4      | Reached skill level 5 in Fighting
  2552 | D:4      | Reached skill level 1 in Stealth
  2552 | D:4      | Reached XP level 7. HP: 43/61 MP: 7/7
  2585 | D:4      | Slain by an iguana

Vault maps used:
D:1:      zaba_arrival_water
D:2:      okawaru_altar_gauntlet_db, uniq_natasha
D:4:      serial_shops, shop, first_bread, uniq_sigmund

Skill      XL: |  1  2  3  4  5  6 |
---------------+-------------------+-----
Fighting       | 4 5 |  5.2
Dodging        | 2 3 4 |  4.0
Axes           | 5 6 |  6.8
Stealth        | 1 |  1.0
Armour         | |  2.4

Action                   |  1- 3 |  4- 6 |  7- 9 || total
-------------------------+-------+-------+-------++-------
Melee: Hand axe          |    63 |   123 |     6 ||   192
Invok: Berserk           |     4 |     7 |       ||    11
       Trog's Hand       |       |     2 |       ||     2
 Stab: Sleeping          |       |     1 |       ||     1
  Eat: Chunk             |     3 |    12 |       ||    15
